 Dungeon Crawl Stone Soup version 0.31-a0-167-g1c394c0614 (webtiles) character file.

Game seed: 11904638658389275091

17374416 decrepitude the Conqueror (level 27, 201/201 HPs)
             Began as a Gargoyle Earth Elementalist on June 13, 2023.
             Was the Champion of Vehumet.
             Escaped with the Orb
             ... and 15 runes on June 14, 2023!
             The game lasted 04:07:10 (89255 turns).

decrepitude the Conqueror (GrEE)                   Turns: 89255, Time: 04:07:10

Health: 201/201    AC: 46    Str: 26    XL:     27
Magic:  63/63      EV: 16    Int: 41    God:    Vehumet [******]
Gold:   15404      SH: 32    Dex:  6    Spells: 12/80 levels left

rFire   + + .        X - staff of earth "Foapie" {Int+6}
rCold   + + +        o - +8 tower shield {rC+ rF+}
rNeg    + + +        Z - +4 robe of Folly {Brill Will-∞ Int+8}
rPois   ∞            q - +1 hat of the Orb {rC+ Str+3}
rElec   +            P - +4 cloak "Usawih" {rCorr}
rCorr   +            r - +5 pair of gloves "Jeximp" {rElec MP+9 Slay-3}
SInv    +            K - +1 pair of boots of Precision Catastrophes {rN+}
Will    .....        w - macabre finger necklace {Finger+ rN+}
Stlth   +            U - ring of protection from fire
HPRegen 0.53/turn    F - ring of the Octopus King {rC+ HP+2 AC+2 EV+2 SH+2}
MPRegen 0.38/turn    m - ring "Nem Fout" {*Corrode rElec Str+8 SInv}

%: corrode self (3%)
@: flying, studying Summonings
A: sickness immunity, AC +20, big wings, negative energy resistance 1,
electricity resistance, torment resistance 1, petrification resistance,
iridescent scales 1, camouflage 1, clumsy 2, strong-willed 2, wild magic 1
0: Orb of Zot
}: 15/15 runes: decaying, serpentine, slimy, silver, golden, iron, obsidian,
icy, bone, abyssal, demonic, glowing, magical, fiery, dark
a: Renounce Religion


You escaped.
You worshipped Vehumet.
Vehumet was exalted by your worship.
You visited 18 branches of the dungeon, and saw 87 of its levels.
You visited Pandemonium 1 time, and saw 21 of its levels.
You visited the Abyss 3 times.
You visited 2 bazaars.
You also visited: Sewer, Bailey and Volcano.

You collected 17732 gold pieces.
You spent 2293 gold pieces at shops.
You donated 35 gold pieces to Zin.

Inventory:

Missiles
 S - 4 throwing nets
Armour
 o - a +8 tower shield of resistance (worn)
 q - the +1 hat of the Orb (worn) {rC+ Str+3}
   (You found it on level 7 of Tartarus)

   Str:       It affects your strength (+3).
   rC:        It protects you from cold.
 r - the +5 pair of gloves "Jeximp" (worn) {rElec MP+9 Slay-3}
   (You bought it in a shop in a bazaar)

   Slay:      It affects your accuracy & damage with ranged weapons and melee
   (-3).
   rElec:     It insulates you from electricity.
   MP:        It affects your magic capacity (+9).
 J - the +0 helmet of Vudeor {rElec Regen+ Str+3}
   (You found it on level 1 of the Swamp)

   Str:       It affects your strength (+3).
   rElec:     It insulates you from electricity.
   Regen:     It increases your rate of health regeneration.
 K - the +1 pair of boots of Precision Catastrophes (worn) {rN+}
   (You acquired it in Pandemonium)

   rN:        It protects you from negative energy.
 P - the +4 cloak "Usawih" (worn) {rCorr}
   (You bought it in a shop on level 2 of the Orcish Mines)

   rCorr:     It protects you from acid and corrosion.
 V - the +9 scales of the Dragon King {rPois rF+ rC+ Will+}
   (You found it on level 7 of Tartarus)

   rF:        It protects you from fire.
   rC:        It protects you from cold.
   rPois:     It protects you from poison.
   Will:      It increases your willpower.
 Z - the +4 robe of Folly (worn) {Brill Will-∞ Int+8}
   (You found it on level 1 of the Orcish Mines)

   Brill:     It increases the power of your magical spells and halves their MP
   cost (rounding up).
   Will-∞: It reduces your willpower to zero.
   Int:       It affects your intelligence (+8).
Magical Staves
 L - the staff of poison "Setiedui" {rPois Will++ SInv}
   (You found it on level 4 of the Vaults)

   [staff of poison]

   Base accuracy: +5 Base damage: 5 Base attack delay: 1.2 This weapon's minimum
   attack delay (0.6) is reached at skill level 12.
   rPois:     It protects you from poison.
   SInv:      It lets you see invisible.
   Will:      It greatly increases your willpower.
   It falls into the 'Staves' category.
   It is a one-handed weapon.
 X - the staff of earth "Foapie" (weapon) {Int+6}
   (You found it on level 5 of the Vaults)

   [staff of earth]

   Base accuracy: +5 Base damage: 5 Base attack delay: 1.2 This weapon's minimum
   attack delay (0.6) is reached at skill level 12.
   Int:       It affects your intelligence (+6).
   It falls into the 'Staves' category.
   It is a one-handed weapon.
Jewellery
 m - the ring "Nem Fout" (on amulet) {*Corrode rElec Str+8 SInv}
   (You found it on level 3 of the Depths)

   [ring of see invisible]

   Str:       It affects your strength (+8).
   rElec:     It insulates you from electricity.
   SInv:      It lets you see invisible.
   *Corrode:  It may corrode you when you take damage.
 w - the macabre finger necklace (around neck) {Finger+ rN+}
   (You found it on level 1 of the Crypt)

   [amulet of nothing]

   Finger+:   It enables you to equip an extra ring.
   rN:        It protects you from negative energy.
 F - a ring of the Octopus King (right hand) {rC+ HP+2 AC+2 EV+2 SH+2}
   (You found it on level 3 of the Elven Halls)

   [ring of protection from cold]

   AC:        It affects your AC (+2).
   EV:        It affects your evasion (+2).
   rC:        It protects you from cold.
   HP:        It affects your health (+2).
   SH:        It affects your SH (+2).
 U - a ring of protection from fire (left hand)
Wands
 a - a wand of quicksilver (63)
 s - a wand of paralysis (110)
 u - a wand of digging (50)
 C - a wand of roots (104)
 R - a wand of polymorph (20)
 W - a wand of mindburst (63)
Scrolls
 c - a scroll of summoning
 d - 20 scrolls of blinking
 e - 2 scrolls of silence
 f - 11 scrolls of enchant armour
 g - 12 scrolls of amnesia
 i - 13 scrolls of enchant weapon
 l - 6 scrolls of brand weapon
 p - 19 scrolls of fog
 t - 7 scrolls of immolation
 x - 9 scrolls of revelation
 y - 27 scrolls of teleportation
 B - 9 scrolls of fear
 I - 7 scrolls of torment
 O - 10 scrolls of vulnerability
 Q - a scroll of acquirement
 Y - 6 scrolls of poison
Potions
 b - 10 potions of magic
 h - 20 potions of heal wounds
 j - 7 potions of lignification
 k - 8 potions of attraction
 n - 5 potions of might
 v - 19 potions of curing
 z - 12 potions of cancellation
 A - 11 potions of enlightenment
 D - 13 potions of haste
 E - 3 potions of resistance
 G - 2 potions of invisibility
 H - 12 potions of brilliance
 M - 3 potions of mutation
 T - 13 potions of ambrosia
Miscellaneous
 N - a phantom mirror (inert)


   Skills:
 O Level 27 Fighting
 - Level 8.0 Armour
 + Level 14.7 Dodging
 - Level 2.1 Stealth
 O Level 27 Shields
 O Level 27 Spellcasting
 - Level 21.7 Conjurations
 - Level 0.7 Transmutations
 - Level 24.0 Fire Magic
 - Level 24.0 Ice Magic
 O Level 27 Earth Magic
 - Level 5.7 Poison Magic
 + Level 16.8 Evocations


You had 12 spell levels left.
You knew the following spells:

 Your Spells              Type           Power      Damage    Failure   Level
a - Stone Arrow           Conj/Erth      100%       3d13      1%          3
b - Iskenderun's Mystic   Conj/Tloc      100%       2d19      1%          4
c - Apportation           Tloc           100%       N/A       1%          1
d - Mephitic Cloud        Conj/Pois/Air  100%       N/A       1%          3
e - Sandblast             Erth           100%       2d20      1%          1
f - Lehudib's Crystal Sp  Conj/Erth      99%        10d22     1%          8
g - Olgreb's Toxic Radia  Pois           100%       N/A       1%          4
h - Polar Vortex          Ice            85%        N/A       1%          9
i - Ignition              Fire           85%        3d22      1%          8
l - Lee's Rapid Deconstr  Erth           100%       3d44*     1%          5
o - Ozocubu's Refrigerat  Ice            85%        4d26      1%          7
s - Shatter               Erth           100%       3d71*     1%          9
u - Leda's Unmaking       Conj/Erth      99%        9d16      1%          6

Your spell library contained the following spells:

 Spells                   Type           Power      Damage    Failure   Level
 Chain Lightning          Conj/Air       68%        3d90      67%         9
 Beastly Appendage        Tmut           100%       N/A       1%          1
 Foxfire                  Conj/Fire      100%       2x1d9     1%          1
 Freeze                   Ice            100%       1d10      1%          1
 Kiss of Death            Conj/Necr      100%       2d13      1%          1
 Magic Dart               Conj           100%       1d8       1%          1
 Necrotise                Necr           100%       1d9       1%          1
 Shock                    Conj/Air       100%       1d9       1%          1
 Slow                     Hex            100%       N/A       1%          1
 Summon Small Mammal      Summ           100%       N/A       1%          1
 Call Imp                 Summ           100%       N/A       1%          2
 Ensorcelled Hibernation  Hex/Ice        100%       N/A       1%          2
 Passwall                 Tmut/Erth      100%       N/A       1%          2
 Searing Ray              Conj           100%       2d8       1%          2
 Static Discharge         Conj/Air       100%       2-7/arc   1%          2
 Wereblood                Tmut           88%        N/A       1%          2
 Call Canine Familiar     Summ           82%        N/A       1%          3
 Confusing Touch          Hex            82%        N/A       1%          3
 Dazzling Flash           Conj/Hex       100%       N/A       1%          3
 Frozen Ramparts          Ice            100%       1d16      1%          3
 Gell's Gravitas          Tloc           82%        N/A       1%          3
 Hailstorm                Conj/Ice       100%       3d20      1%          3
 Ignite Poison            Fire/Tmut/Pois 100%       N/A       1%          3
 Ozocubu's Armour         Ice            100%       N/A       1%          3
 Portal Projectile        Hex/Tloc       100%       N/A       1%          3
 Spider Form              Tmut/Pois      100%       N/A       1%          3
 Summon Guardian Golem    Hex/Summ       82%        N/A       1%          3
 Swiftness                Air            82%        N/A       1%          3
 Tukima's Dance           Hex            82%        N/A       1%          3
 Vampiric Draining        Necr           82%        2d11      1%          3
 Vhi's Electric Charge    Tloc/Air       100%       N/A       1%          3
 Volatile Blastmotes      Fire/Tloc      100%       2d18      1%          3
 Airstrike                Air            41%        2d(6-22)  1%          4
 Animate Armour           Summ/Erth      100%       N/A       1%          4
 Fulminant Prism          Conj/Hex       68%        3d27      1%          4
 Ice Form                 Ice/Tmut       100%       N/A       1%          4
 Leda's Liquefaction      Hex/Erth       85%        N/A       1%          4
 Petrify                  Tmut/Erth      100%       N/A       1%          4
 Summon Ice Beast         Ice/Summ       100%       N/A       1%          4
 Arcjolt                  Conj/Air       68%        1d78      1%          5
 Borgnjor's Vile Clutch   Necr/Erth      85%        N/A       1%          5
 Fireball                 Conj/Fire      84%        3d31      1%          5
 Freezing Cloud           Conj/Ice/Air   75%        6-21      1%          5
 Irradiate                Conj/Tmut      68%        3d34      1%          5
 Iskenderun's Battlesphe  Conj           100%       2d15      1%          5
 Metabolic Englaciation   Hex/Ice        70%        N/A       1%          5
 Conjure Ball Lightning   Conj/Air       68%        3x3d25    1%          6
 Plasma Beam              Fire/Air       70%        2x1d87    1%          6
 Simulacrum               Ice/Necr       70%        N/A       1%          6
 Starburst                Conj/Fire      84%        6d21      1%          6
 Orb of Destruction       Conj           83%        9d18      1%          7
 Spellforged Servitor     Conj/Summ      68%        N/A       1%          7
 Yara's Violent Unravell  Hex/Tmut       42%        3d17      3%          5
 Anguish                  Hex/Necr       41%        N/A       4%          4
 Cause Fear               Hex            41%        N/A       4%          4
 Dispel Undead            Necr           82%        3d27      4%          4
 Passage of Golubria      Tloc           82%        N/A       4%          4
 Alistair's Intoxication  Tmut/Pois      68%        N/A       4%          5
 Eringya's Noxious Bog    Tmut/Pois      51%        N/A       4%          6
 Blade Hands              Tmut           44%        N/A       10%         5
 Agony                    Necr           82%        N/A       12%         5
 Silence                  Hex/Air        41%        N/A       12%         5
 Summon Forest            Summ/Tloc      41%        N/A       12%         5
 Death Channel            Necr           41%        N/A       50%         6
 Dragon Form              Tmut           44%        N/A       92%         7
 Storm Form               Tmut/Air       42%        N/A       95%         7
 Enfeeble                 Hex            41%        N/A       96%         7
 Malign Gateway           Summ/Tloc      41%        N/A       96%         7
 Summon Hydra             Summ           41%        N/A       96%         7
 Maxwell's Capacitive Co  Air            41%        ∞         99%         8
 Borgnjor's Revivificati  Necr           41%        N/A       100%        8
 Discord                  Hex            41%        N/A       100%        8
 Disjunction              Tloc           41%        N/A       100%        8
 Necromutation            Tmut/Necr      42%        N/A       100%        8
 Death's Door             Necr           41%        N/A       100%        9
 Dragon's Call            Summ           41%        N/A       100%        9
 Cigotuvi's Dreadful Rot  Necr/Pois/Air  Unusable   N/A       N/A         2
 Sublimation of Blood     Necr           Unusable   N/A       N/A         2
 Statue Form              Tmut/Erth      Unusable   N/A       N/A         6

Dungeon Overview and Level Annotations

Branches:
Dungeon (15/15)            Temple (1/1) D:5            Lair (5/5) D:8
  Swamp (4/4) Lair:3        Snake (4/4) Lair:2        Slime (5/5) Lair:5
    Orc (2/2) D:12            Elf (3/3) Orc:2        Vaults (5/5) D:14
  Crypt (3/3) Vaults:2       Tomb (3/3) Crypt:3      Depths (4/4) D:15
   Hell (visited)             Dis (7/7) Hell            Geh (7/7) Hell
    Coc (7/7) Hell            Tar (7/7) Hell            Zot (5/5) Depths:4
  Sewer (visited)          Bailey (visited)         Volcano (visited)

Altars:
Ashenzari
Cheibriados
Dithmenos
Elyvilon
Fedhas
Gozag
Hepliaklqana
Kikubaaqudgha
Makhleb
Nemelex Xobeh
Okawaru
Qazlal
Ru
Sif Muna
Trog
Uskayaw
Vehumet
Wu Jian
Xom
Yredelemnul
Zin
The Shining One
Jiyva

Shops:
D:9 :   D:11 [   Orc:2 *(::(([*(   Elf:2 [   Snake:4 :   Vaults:2 !
Vaults:4 =   Depths:1 [(   Depths:2 !?   Depths:3 ((==*

Portals:
Hell: Depths:1 Depths:2 Depths:3 Depths:4
Abyss: Depths:3
Pandemonium: Depths:2
Ziggurat: Depths:4

Annotations:
D:15 Boris
Snake:3 2 transporters, Cyhav's ghost, adept HuFi
Elf:2 5 runed translucent doors


Innate Abilities, Weirdness & Mutations

You are immune to sickness and miasma.
Your stone body is resilient. (AC +20)
You are immune to poison.
Your large and strong wings let you fly.
You resist negative energy. (rN+)
You are resistant to electric shocks. (rElec)
You are resistant to unholy torment.
You are immune to petrification.
You are partially covered in iridescent scales. (AC +2)
Your skin changes colour to match your surroundings (Stealth+).
You are very clumsy. (Dex -4)
You are highly strong-willed. (Will++)
Your spells are a little harder to cast, but a little more powerful.


Message History

You see here 6 stones.
Casting: Lehudib's Crystal Spear (mildly dangerous; 1% risk of failure)
Confirm with . or Enter, or press ? or * to list all spells.
Aiming: Lehudib's Crystal Spear (mildly dangerous; 1% risk of failure)
Press: ? - help, Shift-Dir - straight line, f - blizzard demon
Aim: a blizzard demon (87% to hit)
You feel a strong surge of power!
The crystal spear hits the blizzard demon!!!!
You kill the blizzard demon!
Vehumet accepts your kill.
You feel your power returning.
Unknown command.
Some rock shatters into small pieces.
An orange demon comes into view.
A cacodemon comes into view.
Casting: Lehudib's Crystal Spear (mildly dangerous; 1% risk of failure)
Confirm with . or Enter, or press ? or * to list all spells.
Aiming: Lehudib's Crystal Spear (mildly dangerous; 1% risk of failure)
Press: ? - help, Shift-Dir - straight line, f - cacodemon
Aim: a cacodemon (87% to hit)
You feel a strong surge of power!
The crystal spear hits the cacodemon!!!!!
You kill the cacodemon!
Vehumet accepts your kill.
You feel your power returning.
Unknown command.
Casting: Lehudib's Crystal Spear (mildly dangerous; 1% risk of failure)
Confirm with . or Enter, or press ? or * to list all spells.
Aiming: Lehudib's Crystal Spear (mildly dangerous; 1% risk of failure)
Press: ? - help, Shift-Dir - straight line, f - orange demon
Aim: an orange demon (92% to hit)
You feel a strong surge of power!
The crystal spear hits the orange demon!!!!
You kill the orange demon!
Vehumet accepts your kill.
You feel your power returning.
You now have 62/63 mp.
MP restored: 63
There is a staircase leading out of the dungeon here.
You have escaped!

...................#....#.#......
........########...#....#...#....
....##.......# #...#....###.#....
....#....###.# #...#........#####
.#######.# #.###............#####
.........###.........#####.###...
#########.############ #...'...
#########.........# #######...
................@.######...##....
.#########........'..>#..........
##### ##........#####..........
....# ##...#.....##..#.##.......
....# ##...###....##..#..........
....###...## ##.####..####.......
....##...## #.# #.....#.......
....#...## #.####.............
.......## #.....####.#.......


There were no monsters in sight!

Vanquished Creatures
  Cerebov (Pan)
  Antaeus (Coc:7)
  Asmodeus (Geh:7)
  the Royal Jelly (Slime:5)
  Ereshkigal (Tar:7)
  Lom Lobon (Pan)
  the Serpent of Hell (Geh:7)
  Mnoleg (Pan)
  Tiamat (Zot:4)
  8 dread liches
  5 ancient liches
  Dispater (Dis:7)
  7 orbs of fire
  Mennas (Pan)
  2 juggernauts (Dis:7)
  32 royal mummies
  5 Killer Klowns
  8 pandemonium lords
  Parghit (Zot:2)
  Vv (Crypt:3)
  Saint Roka (Depths:2)
  4 shard shrikes (Coc:5)
  Boris (Depths:3)
  2 curse toes (Zot:5)
  Xtahua (Vaults:5)
  20 caustic shrikes
  Geryon (Hell)
  11 bone dragons
  22 profane servitors
  8 golden dragons
  5 doom hounds
  15 Tzitzimimeh
  17 Brimstone Fiends
  31 iron giants
  5 electric golems
  A shard shrike zombie (Crypt:3)
  16 tentacled monstrosities
  A spectral shard shrike (Tar:2)
  19 hellephants
  A walking crystal tome (Depths:3)
  32 tainted leviathans
  25 Hell Sentinels
  16 Ice Fiends
  2 shard shrike skeletons
  3 deep elf blademasters
  27 Orb Guardians
  A walking frostbound tome (Depths:3)
  2 deep elf master archers (Elf:3)
  14 titans
  6 liches
  23 searing wretches
  23 ancient champions
  29 Executioners
  18 acid blobs
  Frances (D:14)
  8 quicksilver dragons
  4 tentacled starspawn (Abyss:3)
  9 death cobs
  Murray (Hell)
  12 sphinxes
  11 shadow dragons
  Kirke (D:15)
  4 thorn hunters
  5 draconian monks
  4 revenants
  22 storm dragons
  15 nagarajas
  6 tengu reavers (Vaults:5)
  20 azure jellies
  23 fire giants
  2 fenstrider witches (shapeshifter)
  A draconian knight (Zot:5)
  7 rockslimes
  9 frost giants
  6 demonspawn warmongers (Pan)
  27 narguns
  19 iron dragons
  3 fenstrider witches
  A draconian scorcher (Zot:1)
  21 vault wardens
  5 quicksilver elementals
  8 deep elf sorcerers
  43 balrugs
  The ghost of h0peless the Markstengu, an adept TeHu of Okawaru (Orc:2)
  A draconian stormcaller (Zot:1)
  Louise (Depths:3)
  2 angels (Depths:2)
  5 shard shrike simulacra
  4 ghost moths
  4 curse skulls
  5 draconian shifters
  3 deep elf elementalists
  7 draconian annihilators
  7 orc warlords
  10 demonspawn corrupters (Pan)
  A ghoul (Crypt:2)
  12 formless jellyfish
  19 war gargoyles
  14 ironbound preservers
  15 reapers
  The ghost of t4s4d4r the Zephyrmancer, a journeyman DgAE (Orc:2)
  9 demonspawn blood saints (Pan)
  20 cacodemons
  11 green draconians
  2 juggernaut skeletons
  7 quicksilver oozes
  33 very ugly things
  3 caustic shrike skeletons
  19 stone giants
  27 elemental wellsprings
  26 putrid mouths
  8 vampire knights
  18 dire elephants
  An eleionoma (shapeshifter) (Vaults:5)
  7 demonspawn black suns (Pan)
  8 bunyips
  5 eleionomae
  8 ironbound thunderhulks
  22 lorocyprocas
  8 yellow draconians
  9 black draconians
  13 white draconians
  Azrael (D:12)
  24 bennus
  5 deep elf demonologists
  A spark wasp (shapeshifter) (Vaults:5)
  7 deep elf annihilators
  11 eidola
  A spectral titan (Tar:2)
  12 red draconians
  6 purple draconians
  Snorg (D:11)
  18 wendigos
  10 ettins
  A merfolk impaler (Depths:2)
  2 entropy weavers (shapeshifter)
  22 mummy priests
  A spectral quicksilver dragon (Tar:2)
  12 green deaths
  A spectral kraken (Tar:7)
  19 iron golems
  11 deep elf death magi
  21 blizzard demons
  6 fire dragons
  10 jiangshi
  6 entropy weavers
  4 shambling mangroves
  4 deep elf high priests
  13 great orbs of eyes
  27 hydras
  5 spriggan zombies
  3 spectral spriggans
  26 yaktaur captains
  Harold (Lair:1)
  19 salamander tyrants
  6 hell beasts (Pan)
  A ghost crab (Swamp:1)
  11 caustic shrike simulacra
  An Orb Guardian zombie (Crypt:2)
  29 vault guards
  5 ice dragons
  The ghost of Wupi the Nimble, a journeyman DECj of Sif Muna (D:13)
  6 ogre magi
  A spriggan air mage (Depths:4)
  2 rakshasas
  9 anacondas
  3 catoblepae (Lair:5)
  An alligator (shapeshifter) (Vaults:5)
  A hydra (shapeshifter) (Vaults:5)
  4 spriggan skeletons
  A spectral stone giant (Tar:1)
  6 boulder beetles
  8 juggernaut simulacra
  2 death knights
  15 alligators
  10 ironbound frosthearts
  8 stokers
  19 death yaks
  12 tengu warriors
  27 demonic crawlers
  8 centaur warriors
  13 two-headed ogres
  4 deep troll shamans
  16 naga warriors
  30 dancing weapons
  An orc high priest (Depths:1)
  69 death scarabs
  6 deep troll earth magi
  3 vampire magi
  41 hell hogs
  20 naga sharpshooters
  10 shock serpents
  Sonja (Lair:2)
  6 spriggan berserkers
  2 animated armours (Elf:2)
  20 hell knights
  7 thrashing horrors
  A spectral dire elephant (Tar:2)
  20 deep elf knights
  2 wretched stars
  3 storm dragon zombies
  64 sun demons
  2 salamander mystics (Snake:3)
  34 soul eaters
  A death drake (shapeshifter) (Vaults:2)
  A skyshark (Lair:2)
  38 skeletal warriors
  A titan skeleton (Pan)
  A storm dragon skeleton (Tomb:2)
  11 iron trolls
  10 crystal echidnas (Dis:7)
  11 shadow wraiths
  5 swamp dragons
  2 spatial maelstroms (Abyss:4)
  Lodul (D:10)
  A death drake (Swamp:3)
  45 deep trolls
  3 goliath frogs
  A golden dragon zombie (Tomb:1)
  An anaconda zombie (Crypt:3)
  10 shadow demons
  8 spriggan druids
  4 flayed ghosts
  4 deep elf archers
  A bunyip zombie (Crypt:2)
  26 sixfirhies
  5 quicksilver dragon simulacra
  6 naga ritualists
  10 wizards
  6 spriggan simulacra
  45 large abominations
  7 bog bodies
  5 glowing orange brains
  A spectral iron dragon (Tar:1)
  5 spectral hydras
  A lindwurm (shapeshifter) (Elf:3)
  5 lindwurms
  20 ironbound convokers
  30 deep elf zephyrmancers
  16 orc knights
  22 phantasmal warriors
  A fire giant zombie (Depths:2)
  3 oklob plants (Swamp:4)
  17 starcursed masses
  18 necromancers
  10 orc sorcerers
  4 wolf spiders
  28 deep elf pyromancers
  2 anaconda skeletons
  A tengu skeleton (Vaults:2)
  11 mana vipers
  A fenstrider witch simulacrum (Hell)
  3 will-o-the-wisps
  A worldbinder (Abyss:3)
  2 elephants (Abyss:4)
  15 salamanders
  6 manticores
  5 shining eyes
  16 moths of wrath
  45 ugly things
  13 cyclopes
  7 human skeletons
  An iron dragon skeleton (Pan)
  2 ice statues (Coc:7)
  Joseph (Lair:1)
  2 stone giant skeletons
  2 spectral centaurs (Tar:2)
  A dire elephant zombie (Crypt:3)
  2 alligator snapping turtle zombies (Crypt:3)
  4 titan simulacra
  9 rust devils
  28 black mambas
  14 vault sentinels
  13 naga magi
  3 cane toads (shapeshifter)
  9 guardian serpents
  43 smoke demons
  11 spectral swamp worms (Tar:7)
  3 gargoyles
  Maggie (D:9)
  27 orange demons
  3 eyes of devastation
  A catoblepas zombie (Crypt:1)
  15 molten gargoyles
  4 dire elephant skeletons
  A centaur skeleton (Crypt:3)
  2 unseen horrors
  A kobold demonologist (D:13)
  2 elf skeletons (Vaults:2)
  2 human zombies (Vaults:2)
  6 rime drakes
  2 bunyip simulacra
  49 yaktaurs
  38 hellions
  7 komodo dragons
  9 cane toads
  2 tengu conjurers
  7 efreet (Pan)
  28 tormentors
  16 freezing wraiths
  48 guardian mummies
  4 anaconda simulacra
  4 spectral nagas
  2 yaktaur skeletons (Vaults:2)
  4 ice devils
  6 iron giant simulacra
  2 spectral harpies
  A death drake zombie (Swamp:4)
  15 trolls
  2 golden dragon simulacra
  A grey draconian skeleton (Crypt:2)
  35 hellwings
  A queen bee (Lair:2)
  2 bloated husks (Swamp:1)
  13 red devils
  3 ancient zymes
  A polar bear (shapeshifter) (D:15)
  A mana viper skeleton (Crypt:1)
  3 hydra zombies (Swamp:4)
  A troll (shapeshifter) (Vaults:2)
  3 harpy zombies
  3 polar bears
  A tyrant leech (shapeshifter) (Depths:1)
  2 death drake skeletons (Swamp:4)
  2 iron dragon simulacra
  17 hornets
  A raiju (shapeshifter) (Vaults:2)
  Prince Ribbit (D:9)
  2 stone giant simulacra
  8 tyrant leeches
  A fire giant simulacrum (Depths:2)
  4 harpy skeletons
  2 hydra skeletons
  41 blink frogs
  A blink frog (shapeshifter) (Vaults:5)
  2 raiju
  An ice dragon zombie (Crypt:2)
  5 jumping spiders
  80 slime creatures
  A shadow (D:10)
  2 centaur simulacra
  41 flying skulls
  4 air elementals
  A vampire (D:9)
  Sigmund (D:5)
  12 wraiths
  26 ynoxinuls
  A culicivora (Vaults:4)
  2 deep troll skeletons
  7 ushabtiu
  13 fire bats
  11 spriggans
  11 water elementals
  4 wyverns
  10 dire elephant simulacra
  Grum (D:9)
  5 fire elementals
  8 basilisks
  37 yaks
  2 alligator snapping turtle simulacra (Coc:2)
  4 ettin skeletons
  3 hogs (D:15)
  A golden eye (shapeshifter) (Elf:2)
  12 golden eyes
  21 vampire mosquitoes
  A steam dragon (Lair:3)
  A redback (shapeshifter) (Depths:4)
  9 redbacks
  21 chaos spawn
  2 black mamba skeletons
  9 swamp worms
  A glowing shapeshifter zombie (Depths:2)
  8 spatial vortices (Abyss:4)
  31 nagas
  18 neqoxecs
  11 harpy simulacra
  10 water moccasins
  7 wargs
  A naga zombie (Crypt:3)
  3 acid dragons
  9 hell hounds
  A demonspawn zombie (Crypt:2)
  4 floating eyes
  5 hydra simulacra
  A hornet zombie (D:6)
  30 orc warriors
  2 naga skeletons
  6 swamp drakes
  2 swamp dragon zombies (Swamp:4)
  2 black bears (Lair:2)
  A black mamba simulacrum (Tomb:3)
  3 sky beasts
  5 ettin simulacra
  33 ogres
  25 centaurs
  A boggart (D:9)
  31 wolves
  2 phantoms
  6 kobold brigands
  A swamp dragon skeleton (Swamp:4)
  A rime drake skeleton (Crypt:2)
  10 bullfrogs
  3 naga simulacra
  4 earth elementals
  4 scorpions
  4 wights
  A demonspawn simulacrum (Coc:1)
  2 water moccasin zombies (D:6)
  7 wyvern skeletons (Crypt:3)
  15 killer bees
  11 howler monkeys
  3 bullfrog zombies
  2 electric eels (Lair:2)
  11 lava snakes
  9 crimson imps (Pan)
  A jelly (D:8)
  A quasit (Abyss:3)
  2 centaur zombies
  An iron imp (Abyss:2)
  2 hounds
  15 orc priests
  2 sleepcaps
  7 iguanas
  16 orc wizards
  14 hell rats
  8 small abominations
  A killer bee zombie (D:6)
  A tengu zombie (Crypt:2)
  44 mummies
  24 gnolls
  13 adders
  A gnoll (shapeshifter) (Vaults:5)
  4 river rats
  A shadow imp (D:5)
  7 white imps
  A worm zombie (Crypt:1)
  2 worms
  2 dart slugs
  74 orcs
  5 bats
  3 endoplasms
  5 giant cockroaches
  4 hobgoblins
  38 kobolds
  8 quokkas
  16 ball pythons
  A ball python zombie (Crypt:1)
  10 frilled lizards
  6 goblins
  10 rats
  3 rat zombies (D:13)
  A ball lightning (Pan)
  10 creeping infernos
  48 fire vortices
  4 starspawn tentacles (Abyss:3)
4363 creatures vanquished.

Vanquished Creatures (collateral kills)
  Gloorx Vloq (Pan)
  A profane servitor (Tar:7)
  A hydra zombie (Swamp:4)
  3 putrid mouths (Tar:7)
  A wolf (D:9)
  A ball lightning (Pan)
8 creatures vanquished.

Vanquished Creatures (others)
  A caustic shrike simulacrum (Coc:7)
  A shining eye (Abyss:2)
  A harpy simulacrum (Coc:7)
  A small abomination (Abyss:4)
  An orc wizard (Orc:2)
  An orc (Orc:1)
  7 ball lightnings (Pan)
  A butterfly (D:15)
  4 foxfires
18 creatures vanquished.

Grand Total: 4389 creatures vanquished

Notes
Turn   | Place    | Note
-------+----------+-------------------------------------------
     0 | D:1      | decrepitude the Gargoyle Earth Elementalist began the quest
                  | for the Orb.
     0 | D:1      | Reached XP level 1. HP: 10/10 MP: 3/3
   203 | D:1      | Reached XP level 2. HP: 15/15 MP: 1/5
   754 | D:2      | Reached XP level 3. HP: 8/19 MP: 0/7
  1279 | D:2      | Reached XP level 4. HP: 23/24 MP: 7/9
  2232 | D:3      | Reached XP level 5. HP: 28/28 MP: 8/11
  2574 | D:4      | Found a glowing drain.
  2590 | D:4      | Learned a level 3 spell: Stone Arrow
  2594 | D:4      | Learned a level 1 spell: Apportation
  2681 | Sewer    | Entered a sewer
  2731 | Sewer    | Reached skill level 5 in Earth Magic
  2795 | Sewer    | Reached XP level 6. HP: 29/32 MP: 9/13
  3012 | Sewer    | Reached skill level 5 in Spellcasting
  3499 | D:4      | Reached XP level 7. HP: 36/36 MP: 8/15
  3814 | D:4      | Found a sparkling altar of Nemelex Xobeh.
  3820 | D:4      | Found a radiant altar of Vehumet.
  3825 | D:4      | Found a stormy altar of Qazlal.
  3978 | D:5      | Entered Level 5 of the Dungeon
  4075 | D:5      | Noticed Sigmund
  4089 | D:4      | Reached skill level 1 in Conjurations
  4396 | D:5      | Killed Sigmund
  4397 | D:5      | Reached XP level 8. HP: 41/41 MP: 17/17
  4425 | D:5      | Found a staircase to the Ecumenical Temple.
  4434 | Temple   | Entered the Ecumenical Temple
  4568 | Temple   | Became a worshipper of Zin the Law-Giver
  4568 | Temple   | Reached * piety under Zin
  4670 | D:4      | Fell from the grace of Zin
  4670 | D:4      | Became a worshipper of Vehumet
  4816 | D:5      | Found an opulent altar of Gozag.
  5328 | D:6      | Found a basalt altar of Yredelemnul.
  5820 | D:6      | Reached skill level 1 in Fighting
  5820 | D:6      | Reached XP level 9. HP: 47/47 MP: 17/21
  6079 | D:7      | Found a flagged portal.
  6149 | Bailey   | Entered a bailey
  6243 | Bailey   | Reached * piety under Vehumet
  6243 | Bailey   | Offered knowledge of Kiss of Death by Vehumet.
  6548 | Bailey   | Reached skill level 5 in Fighting
  6757 | D:7      | Offered knowledge of Static Discharge by Vehumet.
  6773 | D:7      | Reached ** piety under Vehumet
  7269 | D:7      | Found a shadowy altar of Dithmenos.
  7463 | D:8      | Noticed a death yak
  7463 | D:8      | Noticed a death yak
  7700 | D:8      | Found a staircase to the Lair.
  7793 | D:8      | Offered knowledge of Hailstorm by Vehumet.
  7806 | D:8      | Reached XP level 10. HP: 58/66 MP: 22/22
  7818 | D:8      | Reached *** piety under Vehumet
  7921 | D:9      | Found Orchonid's Book Shop.
  8034 | D:9      | Noticed a two-headed ogre
  8046 | D:9      | Reached skill level 10 in Fighting
  8050 | D:9      | Killed a two-headed ogre
  8175 | D:9      | Reached skill level 1 in Shields
  8315 | D:9      | Noticed Prince Ribbit
  8331 | D:9      | Killed Prince Ribbit
  8525 | D:9      | Offered knowledge of Airstrike by Vehumet.
  8665 | D:9      | Found a glowing golden altar of the Shining One.
  8735 | D:9      | Noticed Maggie
  8742 | D:9      | Killed Maggie
  8800 | D:9      | Noticed Grum
  8808 | D:9      | Killed Grum
  8983 | D:9      | Found a runed translucent door.
  8983 | D:9      | Noticed a cyclops
  9001 | D:9      | Found a runed translucent door.
  9001 | D:9      | Noticed a centaur warrior
  9174 | D:10     | Entered Level 10 of the Dungeon
  9197 | D:10     | Reached XP level 11. HP: 40/76 MP: 6/23
  9377 | D:10     | Reached skill level 5 in Shields
  9648 | D:10     | Noticed Lodul
  9921 | D:10     | Paralysed by Lodul for 3 turns
  9996 | D:10     | Paralysed by Lodul for 4 turns
 10008 | D:10     | Killed Lodul
 10255 | D:11     | Noticed a cyclops
 10259 | D:11     | Killed a cyclops
 10350 | D:11     | Noticed Snorg
 10359 | D:11     | Killed Snorg
 10360 | D:11     | Reached skill level 10 in Spellcasting
 10480 | D:11     | Noticed a boulder beetle
 10494 | D:11     | Killed a boulder beetle
 10495 | D:11     | Reached skill level 1 in Armour
 10564 | D:11     | Reached **** piety under Vehumet
 10679 | D:11     | Found Xuinet's Antique Armour Shoppe.
 11009 | D:11     | Noticed a two-headed ogre
 11015 | D:11     | Killed a two-headed ogre
 11126 | D:11     | Noticed a boulder beetle
 11142 | D:11     | Killed a boulder beetle
 11142 | D:11     | Offered knowledge of Ignite Poison by Vehumet.
 11143 | D:11     | Reached skill level 5 in Armour
 11424 | Lair:1   | Entered Level 1 of the Lair of Beasts
 11458 | Lair:1   | Noticed Harold
 11513 | Lair:1   | Killed Harold
 11601 | Lair:1   | Reached XP level 12. HP: 77/82 MP: 24/26
 11788 | Lair:1   | Noticed Joseph
 11803 | Lair:1   | Killed Joseph
 12328 | Lair:1   | Reached skill level 1 in Evocations
 12773 | Lair:2   | Found a staircase to the Snake Pit.
 12921 | Lair:2   | Noticed Sonja
 12935 | Lair:3   | Reached ***** piety under Vehumet
 12987 | Lair:3   | Offered knowledge of Leda's Unmaking by Vehumet.
 13029 | Lair:3   | Learned a level 6 spell: Leda's Unmaking
 13104 | Lair:3   | Learned a level 3 spell: Mephitic Cloud
 13324 | Lair:3   | Reached XP level 13. HP: 88/88 MP: 4/28
 13481 | Lair:3   | Found a dark tunnel.
 13490 | Volcano  | Entered a volcano
 13520 | Volcano  | Reached skill level 5 in Evocations
 13713 | Volcano  | Found a bloodstained altar of Trog.
 13986 | Volcano  | Reached skill level 10 in Earth Magic
 14362 | Lair:3   | Learned a level 5 spell: Lee's Rapid Deconstruction
 14690 | Lair:3   | Found a staircase to the Swamp.
 14782 | Lair:2   | Killed Sonja
 14953 | Lair:2   | Offered knowledge of Conjure Ball Lightning by Vehumet.
 16219 | Lair:4   | Gained mutation: Your large and strong wings let you fly.
                  | [Gargoyle growth]
 16219 | Lair:4   | Reached XP level 14. HP: 54/96 MP: 5/30
 18150 | Lair:5   | Entered Level 5 of the Lair of Beasts
 18257 | Lair:5   | Found a staircase to the Slime Pits.
 18606 | Lair:5   | Offered knowledge of Eringya's Noxious Bog by Vehumet.
 19080 | Lair:5   | Learned a level 4 spell: Olgreb's Toxic Radiance
 19181 | Lair:5   | Reached skill level 1 in Poison Magic
 20469 | D:8      | Reached XP level 15. HP: 81/100 MP: 7/32
 20864 | D:12     | Reached skill level 5 in Poison Magic
 20932 | D:12     | Noticed Azrael
 20945 | D:12     | Killed Azrael
 21738 | D:12     | Found a staircase to the Orcish Mines.
 21853 | D:12     | You are sucked into a shaft and drop 1 floor!
 22180 | Orc:1    | Entered Level 1 of the Orcish Mines
 22273 | Orc:1    | Offered knowledge of Orb of Destruction by Vehumet.
 22438 | D:12     | Paralysed by an orc sorcerer for 3 turns
 22791 | Orc:1    | Found the +4 robe of Folly {Brill Will-∞ Int+8}
 22963 | Orc:2    | Entered Level 2 of the Orcish Mines
 22963 | Orc:2    | Found Feuruas's Book Shoppe.
 22963 | Orc:2    | Found Wistrokh's Antique Weapon Emporium.
 23059 | Orc:2    | Found Joventag's Assorted Antiques.
 23178 | Orc:2    | Found a staircase to the Elven Halls.
 23201 | Orc:2    | Found Gyclug's Book Shoppe.
 23202 | Orc:2    | Found Ugiciuwa's Weapon Boutique.
 23828 | Orc:2    | Paralysed by an ogre mage for 5 turns
 23836 | Orc:2    | Reached skill level 15 in Fighting
 23912 | Orc:2    | Identified the +7 short sword of Defenestration {freeze,
                  | rC+ Will+ Stlth+}
 23977 | Orc:2    | Noticed an orc warlord
 23995 | Orc:2    | Killed an orc warlord
 24003 | Orc:2    | Offered knowledge of Starburst by Vehumet.
 24198 | Orc:2    | Noticed an orc warlord
 24203 | Orc:2    | Paralysed by an orc warrior for 5 turns
 24939 | Orc:2    | Found Xoatuleg's General Store.
 24945 | Orc:2    | Bought the +4 cloak "Usawih" {rCorr} for 408 gold pieces
 24985 | Orc:2    | Found a runed translucent gate.
 24986 | Orc:2    | Found a runed translucent gate.
 24986 | Orc:2    | Found a runed translucent gate.
 24989 | Orc:2    | Noticed h0peless's ghost (adept TeHu)
 24989 | Orc:2    | Noticed t4s4d4r's ghost (journeyman DgAE)
 25018 | Orc:2    | Found Jifir's Antique Weapon Emporium.
 25031 | Orc:2    | Found Qesa's Antique Armour Boutique.
 25048 | Orc:2    | Identified the +1 double sword of Insomnia {drain, rN+}
 25062 | Orc:2    | Found Zevuegow's Weapon Shoppe.
 25087 | Orc:2    | Killed an orc warlord
 25088 | Orc:2    | Reached skill level 15 in Spellcasting
 25287 | Orc:2    | Bought a jewelled helmet for 228 gold pieces
 25287 | Orc:2    | Identified the +1 helmet of the Evening {rPois rC- Will+}
                  | (You bought it in a shop on level 2 of the Orcish Mines)
 25426 | Orc:2    | Identified the staff of earth "Dyuceb" {rElec Will+ MP-9}
 25651 | Snake:1  | Entered Level 1 of the Snake Pit
 25652 | Snake:1  | Found a flickering gateway to a bazaar.
 25768 | Snake:1  | Reached XP level 16. HP: 81/110 MP: 11/35
 25818 | Bazaar   | Entered a bazaar
 25818 | Bazaar   | Found Zimiusox's Antique Armour Shoppe.
 25818 | Bazaar   | Found Etoukin's Weapon Emporium.
 25953 | Bazaar   | Bought a pair of translucent gloves for 285 gold pieces
 25953 | Bazaar   | Identified the +5 pair of gloves "Jeximp" {rElec MP+9
                  | Slay-3} (You bought it in a shop in a bazaar)
 26006 | Bazaar   | Bought an ancient leather armour for 210 gold pieces
 26006 | Bazaar   | Identified the +1 leather armour "Rast" {Contam rN+ MP+9
                  | SInv} (You bought it in a shop in a bazaar)
 26068 | Snake:1  | Learned a level 4 spell: Iskenderun's Mystic Blast
 26483 | Snake:1  | Identified the +2 cloak "Baeqycum" {rElec Dex+2}
 26834 | Snake:1  | Identified a scroll of acquirement
 27303 | Snake:2  | Reached skill level 15 in Earth Magic
 27578 | Snake:2  | Noticed a nagaraja
 27672 | Snake:2  | Killed a nagaraja
 27942 | Snake:3  | Found a transporter.
 27968 | Snake:3  | Found a bloodstained altar of Trog.
 27977 | Snake:3  | Noticed Cyhav's ghost (adept HuFi)
 27994 | Snake:3  | Found a transporter.
 28523 | Snake:3  | Paralysed by a naga sharpshooter for 5 turns
 28553 | Snake:3  | Reached ****** piety under Vehumet
 29031 | Snake:3  | Acquired the Quarto of the Boulder and Arson
 29044 | Snake:3  | Learned a level 9 spell: Shatter
 29233 | Snake:4  | Entered Level 4 of the Snake Pit
 29243 | Snake:4  | Offered knowledge of Iskenderun's Battlesphere by Vehumet.
 29284 | Snake:4  | Found a shimmering altar of Xom.
 29337 | Snake:4  | Noticed a nagaraja
 29349 | Snake:4  | Killed a nagaraja
 29350 | Snake:4  | Reached XP level 17. HP: 118/118 MP: 30/37
 30172 | Snake:4  | Found Fayqo's Book Shoppe.
 31509 | Snake:4  | Got a serpentine rune of Zot
 32170 | Swamp:1  | Entered Level 1 of the Swamp
 32442 | Swamp:1  | Offered knowledge of Lehudib's Crystal Spear by Vehumet.
 32778 | Swamp:1  | Reached XP level 18. HP: 124/124 MP: 38/38
 33006 | Swamp:1  | Identified the +0 helmet of Vudeor {rElec Regen+ Str+3}
 34666 | Swamp:3  | Offered knowledge of Chain Lightning by Vehumet.
 34666 | Swamp:3  | Offered knowledge of Polar Vortex by Vehumet.
 34666 | Swamp:3  | Offered knowledge of Maxwell's Capacitive Coupling by
                  | Vehumet.
 34970 | Swamp:3  | Identified the +2 leather armour of Tiqat {Rampage rCorr
                  | Dex-2}
 35149 | Swamp:4  | Entered Level 4 of the Swamp
 35345 | Swamp:4  | Gained mutation: You are clumsy. (Dex -2) [mutagenic glow]
 35439 | Swamp:4  | Paralysed by a vampire knight for 2 turns
 35584 | Swamp:4  | Paralysed by a fenstrider witch for 3 turns
 36008 | Swamp:4  | Reached XP level 19. HP: 129/129 MP: 40/40
 36045 | Swamp:4  | Found a basalt altar of Yredelemnul.
 36058 | Swamp:4  | Got a decaying rune of Zot
 36175 | Swamp:4  | Found a blossoming altar of Fedhas.
 36430 | Slime:1  | Entered Level 1 of the Pits of Slime
 36696 | Slime:4  | Gained mutation: Your body sometimes deteriorates upon
                  | taking damage. [a shining eye]
 36709 | Slime:4  | Paralysed by a great orb of eyes for 5 turns
 36878 | Slime:4  | Paralysed by a great orb of eyes for 3 turns
 36883 | Slime:4  | Paralysed by a great orb of eyes for 4 turns
 37275 | Slime:5  | Entered Level 5 of the Pits of Slime
 37476 | Slime:5  | Gained mutation: Armour fits poorly on your strangely
                  | shaped body. [a shining eye]
 37477 | Slime:5  | Gained mutation: You passively map a small area around you.
                  | [a shining eye]
 37480 | Slime:5  | Gained mutation: You occasionally lose the ability to drink
                  | potions when taking damage. [a shining eye]
 37500 | Slime:4  | Lost mutation: You are clumsy. (Dex -2) [potion of
                  | mutation]
 37500 | Slime:4  | Lost mutation: Your body sometimes deteriorates upon taking
                  | damage. [potion of mutation]
 37500 | Slime:4  | Lost mutation: You occasionally lose the ability to drink
                  | potions when taking damage. [potion of mutation]
 37500 | Slime:4  | Gained mutation: You have large cloven feet. [potion of
                  | mutation]
 37500 | Slime:4  | Gained mutation: You have hoof-like feet. [potion of
                  | mutation]
 37500 | Slime:4  | Gained mutation: Your spells are a little harder to cast,
                  | but a little more powerful. [potion of mutation]
 37762 | Slime:5  | Noticed the Royal Jelly
 39345 | Slime:5  | Found a viscous altar of Jiyva.
 39364 | Slime:5  | Found the +12 pair of quick blades "Gyre" and "Gimble"
                  | {protect}
 39628 | Slime:5  | Identified the +3 quarterstaff of Fundamental Breach
                  | {heavy, Will+ SInv}
 39640 | Slime:5  | Got the Opusculum on Bewitchment and Support
 39671 | Slime:5  | Killed the Royal Jelly
 39672 | Slime:5  | Reached XP level 20. HP: 136/136 MP: 12/42
 40045 | Slime:5  | Got a slimy rune of Zot
 40080 | Slime:5  | Identified the +6 halberd of Roepuut {venom, rC+ Stlth+}
 40092 | Slime:5  | Identified the ring "Tinkiq" {Ice Str+2 Int+6}
 40653 | Elf:1    | Entered Level 1 of the Elven Halls
 40744 | Elf:1    | Got the Excursus on the Volcanic Icicle
 40761 | Elf:1    | Learned a level 8 spell: Lehudib's Crystal Spear
 41281 | Elf:1    | Reached skill level 5 in Conjurations
 42785 | Elf:2    | Found Ymuaff's Armour Boutique.
 43159 | Elf:2    | Paralysed by an air elemental for 1 turns
 43869 | Elf:2    | Identified the +5 shortbow of the Forest {heavy, rF+ rN++
                  | Stlth-}
 44912 | Elf:2    | Found a huge runed translucent gate.
 44912 | Elf:2    | Found a huge runed translucent gate.
 44913 | Elf:2    | Found a huge runed translucent gate.
 44913 | Elf:2    | Found a huge runed translucent gate.
 44914 | Elf:2    | Found a huge runed translucent gate.
 45350 | Elf:3    | Entered Level 3 of the Elven Halls
 45574 | Elf:3    | Found the ring of the Octopus King
 45574 | Elf:3    | Found the +8 demon trident "Rift" {distort, reach+}
 45577 | Elf:3    | Reached XP level 21. HP: 144/144 MP: 35/45
 45577 | Elf:3    | Reached XP level 22. HP: 150/150 MP: 35/46
 45578 | Elf:3    | Reached skill level 10 in Conjurations
 45578 | Elf:3    | Reached XP level 23. HP: 155/155 MP: 35/47
 45580 | Elf:3    | Identified the +0 chain mail of the Rose {rF+ Str+3}
 45582 | Elf:3    | Got Muoluquv's Discourse on Stolen Souls and Adjuration
 45825 | Elf:3    | Identified the +8 broad axe "Ofea" {flame, +Blink rF- rC+}
 45870 | Elf:3    | Identified the +0 great sword "Wustyuse" {venom, rPois
                  | Int+3}
 45881 | Elf:3    | Identified the ring "Moymp" {Ice rPois Int+3 Dex+3}
 45895 | Elf:3    | Identified a ring of the Octopus King {rC+ HP+2 AC+2 EV+2
                  | SH+2}
 46007 | Elf:3    | Got the Atlas of Percussion
 46930 | D:13     | Found a runed translucent door.
 46931 | D:13     | Noticed Wupi's ghost (journeyman DECj)
 47628 | D:13     | Found an ancient bone altar of Kikubaaqudgha.
 47830 | D:13     | Killed Wupi's ghost
 48405 | Orc:2    | Killed t4s4d4r's ghost
 48406 | Orc:2    | Killed h0peless's ghost
 48609 | D:14     | Found a gate to the Vaults.
 48611 | D:14     | Noticed Frances
 48616 | D:14     | Killed Frances
 49003 | D:15     | Entered Level 15 of the Dungeon
 49003 | D:15     | Noticed Kirke
 49005 | D:15     | Killed Kirke
 49186 | D:15     | Found a bloodstained altar of Trog.
 49221 | D:15     | Found a white marble altar of Elyvilon.
 49368 | D:15     | Found a staircase to the Depths.
 49399 | D:15     | Found a hazy altar of Hepliaklqana.
 49766 | Vaults:1 | Entered Level 1 of the Vaults
 49977 | Vaults:1 | Reached skill level 10 in Shields
 50140 | Vaults:1 | Identified the +7 plate armour of Cowardice {Contam rC+++
                  | rCorr Int-5}
 50509 | Vaults:1 | You are sucked into a shaft and drop 1 floor!
 50509 | Vaults:2 | Found Sunon's Distillery.
 50520 | Vaults:2 | Bought a potion of heal wounds for 95 gold pieces
 50521 | Vaults:2 | Bought a potion of brilliance for 76 gold pieces
 50542 | Vaults:2 | Reached XP level 24. HP: 163/163 MP: 26/48
 50760 | Vaults:2 | Identified the +0 leather armour of Novouw {rCorr}
 51752 | Vaults:2 | Found a staircase to the Crypt.
 53334 | Vaults:4 | Reached skill level 15 in Shields
 53351 | Vaults:3 | Learned a level 7 spell: Ozocubu's Refrigeration
 53361 | Vaults:3 | Learned a level 9 spell: Polar Vortex
 53463 | Vaults:4 | Identified the +6 bardiche of the Inquisitive Seas {pain,
                  | *Rage Str-4 Int+4 Dex+8}
 53476 | Vaults:4 | Reached skill level 1 in Ice Magic
 53798 | Vaults:4 | Paralysed by a great orb of eyes for 5 turns
 53810 | Vaults:4 | Identified the staff of poison "Setiedui" {rPois Will++
                  | SInv}
 53818 | Vaults:4 | Reached XP level 25. HP: 171/171 MP: 32/49
 53820 | Vaults:4 | Reached skill level 5 in Ice Magic
 54324 | Vaults:4 | Found Busotac's Jewellery Emporium.
 54459 | Vaults:5 | Entered Level 5 of the Vaults
 54487 | Vaults:5 | Reached skill level 10 in Ice Magic
 54495 | Vaults:5 | Noticed Xtahua
 54497 | Vaults:5 | Paralysed by Xtahua for 5 turns
 54504 | Vaults:5 | Killed Xtahua
 54511 | Vaults:5 | Identified the +6 dire flail of the Undead {drain, *Rage
                  | rF+++ rC+ rCorr}
 54706 | Vaults:5 | Identified the +7 flail "Hodahit" {flame, rCorr}
 55040 | Vaults:5 | Identified the +2 robe of Vexation {rC+ Int+4}
 55304 | Vaults:5 | Got a silver rune of Zot
 55434 | Vaults:5 | Identified the staff of earth "Foapie" {Int+6}
 55446 | Vaults:5 | Identified the +7 chain mail of Quantum Leap {Regen+ Dex+3
                  | Slay-5}
 55448 | Vaults:5 | Identified the +7 spear of Defence {freeze, rElec}
 55509 | Vaults:5 | Found the +3 salamander hide armour {Flames, rFlCloud rF++
                  | rC--}
 56133 | Depths:1 | Entered Level 1 of the Depths
 56139 | Depths:1 | Reached XP level 26. HP: 163/174 MP: 45/49
 56267 | Crypt:1  | Entered Level 1 of the Crypt
 56303 | Crypt:1  | Reached skill level 15 in Ice Magic
 56786 | Crypt:1  | Found the macabre finger necklace {Finger+ rN+}
 57255 | Crypt:2  | Identified the +1 scale mail "Wacarru" {Regen+}
 57579 | Crypt:2  | Found a runed translucent gate.
 57580 | Crypt:2  | Found a runed translucent gate.
 57582 | Crypt:2  | Found a runed translucent gate.
 58010 | Crypt:2  | Acquired 744 gold pieces
 58045 | Crypt:3  | Entered Level 3 of the Crypt
 58415 | Crypt:3  | Found an ancient bone altar of Kikubaaqudgha.
 58476 | Crypt:3  | Noticed a dread lich
 58478 | Crypt:3  | Killed a dread lich
 58512 | Crypt:3  | Noticed Vv
 58516 | Crypt:3  | Killed Vv
 58551 | Crypt:3  | Identified the +5 scimitar "Murmur" {protect, *Corrode rC+
                  | Will+ Int+6}
 58553 | Crypt:3  | Identified the staff of earth "Unueriobb" {rElec Int+2}
 58563 | Crypt:3  | Identified the +17 plate armour of Ashenzari {rF+ Will-
                  | Str+5}
 58591 | Crypt:3  | Identified the +5 battleaxe of Zumef {drain, rC+ Str+3}
 59272 | Crypt:3  | Found a staircase to the Tomb.
 59648 | Tomb:1   | Entered Level 1 of the Tomb of the Ancients
 59694 | Tomb:1   | Noticed a royal mummy
 59694 | Tomb:1   | Noticed a royal mummy
 59695 | Tomb:1   | Killed a royal mummy
 59696 | Tomb:1   | Killed a royal mummy
 59696 | Tomb:1   | Noticed a royal mummy
 59698 | Tomb:1   | Killed a royal mummy
 59698 | Tomb:1   | Noticed a royal mummy
 59701 | Tomb:1   | Killed a royal mummy
 59702 | Tomb:1   | Reached XP level 27. HP: 111/182 MP: 42/49
 59743 | Tomb:1   | Noticed a royal mummy
 59745 | Tomb:1   | Killed a royal mummy
 59748 | Tomb:1   | Noticed a royal mummy
 59751 | Tomb:1   | Killed a royal mummy
 59769 | Tomb:1   | Noticed a royal mummy
 59771 | Tomb:1   | Killed a royal mummy
 59779 | Tomb:1   | Noticed a royal mummy
 59781 | Tomb:1   | Killed a royal mummy
 59782 | Tomb:1   | Noticed a royal mummy
 59786 | Tomb:1   | Killed a royal mummy
 59804 | Tomb:1   | Noticed a royal mummy
 59804 | Tomb:1   | Noticed a royal mummy
 59806 | Tomb:1   | Killed a royal mummy
 59806 | Tomb:1   | Noticed a royal mummy
 59808 | Tomb:1   | Killed a royal mummy
 59809 | Tomb:1   | Killed a royal mummy
 60027 | Tomb:1   | Noticed a royal mummy
 60028 | Tomb:1   | Noticed a royal mummy
 60029 | Tomb:1   | Killed a royal mummy
 60029 | Tomb:1   | Noticed a royal mummy
 60029 | Tomb:1   | Noticed a royal mummy
 60030 | Tomb:1   | Noticed a royal mummy
 60030 | Tomb:1   | Noticed a royal mummy
 60030 | Tomb:1   | Noticed a royal mummy
 60031 | Tomb:1   | Killed a royal mummy
 60031 | Tomb:1   | Killed a royal mummy
 60032 | Tomb:1   | Killed a royal mummy
 60032 | Tomb:1   | Killed a royal mummy
 60032 | Tomb:1   | Killed a royal mummy
 60034 | Tomb:1   | Killed a royal mummy
 60042 | Tomb:1   | Paralysed by a sphinx for 2 turns
 60228 | Tomb:2   | Noticed a royal mummy
 60228 | Tomb:2   | Noticed a royal mummy
 60230 | Tomb:2   | Noticed a royal mummy
 60230 | Tomb:2   | Noticed a royal mummy
 60231 | Tomb:2   | Killed a royal mummy
 60232 | Tomb:2   | Killed a royal mummy
 60232 | Tomb:2   | Killed a royal mummy
 60234 | Tomb:2   | Killed a royal mummy
 60414 | Tomb:2   | Identified the +0 ring mail of Twilight {rC+ Dex+2}
 61079 | Tomb:3   | Entered Level 3 of the Tomb of the Ancients
 61096 | Tomb:3   | Noticed a royal mummy
 61099 | Tomb:3   | Killed a royal mummy
 61100 | Tomb:3   | Noticed a royal mummy
 61103 | Tomb:3   | Killed a royal mummy
 61111 | Tomb:3   | Noticed a royal mummy
 61111 | Tomb:3   | Noticed a royal mummy
 61113 | Tomb:3   | Killed a royal mummy
 61114 | Tomb:3   | Killed a royal mummy
 61127 | Tomb:3   | Noticed a royal mummy
 61128 | Tomb:3   | Noticed a royal mummy
 61130 | Tomb:3   | Killed a royal mummy
 61131 | Tomb:3   | Killed a royal mummy
 61141 | Tomb:3   | Noticed a royal mummy
 61144 | Tomb:3   | Killed a royal mummy
 61145 | Tomb:3   | Noticed a royal mummy
 61149 | Tomb:3   | Noticed a royal mummy
 61151 | Tomb:3   | Killed a royal mummy
 61154 | Tomb:3   | Killed a royal mummy
 61347 | Tomb:3   | Identified the staff of poison "Usmou" {rPois Int+2}
 61762 | Tomb:3   | Identified the +0 war axe of Gallantry {heavy, rPois Str+5}
 61782 | Tomb:3   | Identified the +8 quarterstaff "Goblin's Peril" {flame,
                  | rF++}
 61790 | Tomb:3   | Identified the +6 triple crossbow of Jomo {elec, +Blink rC-
                  | Will+++ Str+7}
 61792 | Tomb:3   | Got the Tractate on Assembling and Shapes
 61836 | Tomb:3   | Identified the +0 barding of Awe {+Blink Dex-2 Slay+3}
 61909 | Tomb:3   | Got a golden rune of Zot
 62244 | Depths:1 | Learned a level 8 spell: Ignition
 62401 | Depths:1 | Found a runed translucent door.
 62619 | Depths:1 | Found Mosmiac's Armour Boutique.
 62724 | Depths:1 | Found Fom Wene's Antique Weapon Shop.
 62789 | Depths:1 | Found a gateway to Hell.
 62952 | Hell     | Entered the Vestibule of Hell
 62952 | Hell     | Noticed Geryon
 62959 | Hell     | Killed Geryon
 62981 | Hell     | Noticed Murray
 63067 | Depths:2 | Noticed Saint Roka
 63071 | Depths:2 | Killed Saint Roka
 63089 | Depths:2 | Found Syquu's Magic Scroll Emporium.
 63092 | Depths:2 | Bought a scroll of teleportation for 66 gold pieces
 63146 | Depths:2 | Found a flickering gateway to a bazaar.
 63151 | Depths:2 | Found Wicom's Distillery.
 63159 | Bazaar   | Entered a bazaar
 63242 | Bazaar   | Found Voff's Book Shoppe.
 63267 | Bazaar   | Found Zyofov's Assorted Antiques.
 63271 | Bazaar   | Bought a scroll of blinking for 180 gold pieces
 63271 | Bazaar   | Bought a scroll of teleportation for 72 gold pieces
 63306 | Bazaar   | Found Daof's Armour Shoppe.
 63506 | Depths:2 | Bought a potion of heal wounds for 120 gold pieces
 63506 | Depths:2 | Bought a potion of heal wounds for 120 gold pieces
 63506 | Depths:2 | Bought a potion of heal wounds for 120 gold pieces
 63506 | Depths:2 | Bought a potion of brilliance for 96 gold pieces
 63506 | Depths:2 | Bought a potion of lignification for 72 gold pieces
 64005 | Depths:2 | Found a one-way gate leading to the halls of Pandemonium.
 64428 | Depths:3 | Found a transporter.
 64428 | Depths:3 | Found Asseab's Jewellery Boutique.
 64500 | Depths:3 | Found a transporter.
 64583 | Depths:3 | Identified the -2 tower shield "Hyeremm" {Int+3}
 64583 | Depths:3 | Noticed Louise
 64589 | Depths:3 | Noticed Boris
 64592 | Depths:3 | Killed Boris
 64607 | Depths:3 | Killed Louise
 64740 | Depths:3 | Acquired 917 gold pieces
 64750 | Depths:3 | Identified the amulet "Exavaelo" {RegenMP Dex+3}
 64757 | Depths:3 | Identified the +6 broad axe "Goblauq" {flame, Dex+2}
 64766 | Depths:3 | Identified the ring "Nem Fout" {*Corrode rElec Str+8 SInv}
 64777 | Depths:3 | Found a one-way gate to the infinite horrors of the Abyss.
 64998 | Depths:3 | Found Loitz's Jewellery Boutique.
 65021 | Depths:3 | Found Dod Kej's Antique Weapon Shop.
 65102 | Depths:3 | Found Voenacha's Weapon Emporium.
 65112 | Depths:3 | Paralysed by a sphinx for 3 turns
 65375 | Depths:3 | Voluntarily entered the Abyss.
 65792 | Abyss:2  | Noticed an ancient lich
 65995 | Abyss:3  | Reached skill level 1 in Fire Magic
 66077 | Abyss:3  | Found a corrupted altar of Lugonu.
 66155 | Abyss:4  | Found a corrupted altar of Lugonu.
 66159 | Abyss:4  | Gained mutation: You are frail. (-10% HP) [a neqoxec]
 66198 | Depths:3 | Escaped the Abyss
 66200 | Depths:3 | Voluntarily entered the Abyss.
 66209 | Depths:3 | Escaped the Abyss
 66211 | Depths:3 | Voluntarily entered the Abyss.
 66295 | Abyss:4  | Found a corrupted altar of Lugonu.
 66379 | Abyss:4  | Found a corrupted altar of Lugonu.
 66394 | Abyss:4  | Reached skill level 5 in Fire Magic
 66400 | Abyss:4  | Found a corrupted altar of Lugonu.
 66408 | Abyss:4  | Got an abyssal rune of Zot
 66413 | Depths:3 | Escaped the Abyss
 66584 | Depths:3 | Found Harghog's Assorted Antiques.
 66608 | Depths:3 | Bought a potion of heal wounds for 145 gold pieces
 66660 | Depths:4 | Entered Level 4 of the Depths
 67507 | Depths:4 | Found a one-way gateway to a ziggurat.
 67621 | Depths:4 | Identified the +5 great sword "Wiukhluch" {flame, rElec
                  | MP+9 Str+3}
 67654 | Depths:4 | Got the Precepts of Arctic Shifting
 67678 | Depths:4 | Found a gate to the Realm of Zot.
 68090 | Zot:1    | Entered Level 1 of the Realm of Zot
 68278 | Zot:2    | Noticed Parghit
 68282 | Zot:2    | Killed Parghit
 68310 | Zot:2    | Reached skill level 10 in Fire Magic
 68329 | Zot:2    | Noticed an orb of fire
 68333 | Zot:2    | Killed an orb of fire
 68870 | Zot:4    | Found the +4 dragonskin cloak
 68870 | Zot:4    | Noticed Tiamat
 68881 | Zot:4    | Killed Tiamat
 69074 | Zot:5    | Entered Level 5 of the Realm of Zot
 69133 | Zot:5    | Noticed a dread lich
 69134 | Zot:5    | Killed a dread lich
 69135 | Zot:5    | Noticed an orb of fire
 69135 | Zot:5    | Noticed a dread lich
 69136 | Zot:5    | Noticed an orb of fire
 69137 | Zot:5    | Killed a dread lich
 69140 | Zot:5    | Killed an orb of fire
 69141 | Zot:5    | Killed an orb of fire
 69150 | Zot:5    | Noticed an orb of fire
 69236 | Zot:5    | Killed an orb of fire
 69240 | Zot:5    | Reached skill level 15 in Fire Magic
 69242 | Zot:5    | Noticed an ancient lich
 69244 | Zot:5    | Killed an ancient lich
 69480 | Zot:5    | Noticed an orb of fire
 69482 | Zot:5    | Killed an orb of fire
 69494 | Zot:5    | Noticed an orb of fire
 69497 | Zot:5    | Noticed an orb of fire
 69501 | Zot:5    | Noticed an ancient lich
 69517 | Zot:5    | Killed an orb of fire
 69651 | Zot:5    | Killed an ancient lich
 69680 | Zot:5    | Killed an orb of fire
 69680 | Zot:5    | Noticed an ancient lich
 69683 | Zot:5    | Killed an ancient lich
 70405 | Zot:5    | Noticed an ancient lich
 70407 | Zot:5    | Killed an ancient lich
 70805 | Hell     | Killed Murray
 71056 | Hell     | Found a gateway to the decaying netherworld of Tartarus.
 71104 | Hell     | Found a gateway to the freezing wastes of Cocytus.
 71179 | Hell     | Found a gateway to the Iron City of Dis.
 71269 | Hell     | Found a gateway to the ashen valley of Gehenna.
 71321 | Hell     | Upgraded the game from 0.31-a0-164-g2312942fda to
                  | 0.31-a0-167-g1c394c0614
 71368 | Pan      | Entered Pandemonium
 72236 | Pan      | Noticed Jaradota the pandemonium lord
 72238 | Pan      | Killed Jaradota the pandemonium lord
 72246 | Pan      | Got a demonic rune of Zot
 72470 | Pan      | Noticed Bilehil Kin the pandemonium lord
 72473 | Pan      | Killed Bilehil Kin the pandemonium lord
 73120 | Pan      | Entered the realm of Cerebov.
 73969 | Pan      | Identified the +5 morningstar "Xucwizxu" {heavy, rC+ MP+9}
 73973 | Pan      | Got Upilad's Parchment of Conduction
 74270 | Pan      | Found the +6 sword of Cerebov {flame}
 74270 | Pan      | Noticed Cerebov
 74280 | Pan      | Killed Cerebov
 74403 | Pan      | Identified the staff of cold "Jiekaxku" {rC+ MP+9 SInv}
 74441 | Pan      | Got a fiery rune of Zot
 74700 | Pan      | Identified the +0 hand axe "Jellaepo" {vamp, Fly rF++
                  | Int-3}
 75313 | Pan      | Found an exit through the horrors of the Abyss.
 75326 | Pan      | Identified the +4 chain mail of Dishonesty {rN+ Str+3}
 75327 | Pan      | Noticed Gaydi Tiy the pandemonium lord
 75331 | Pan      | Killed Gaydi Tiy the pandemonium lord
 75376 | Pan      | Found an exit through the horrors of the Abyss.
 75602 | Pan      | Noticed Uhyp the pandemonium lord
 76587 | Pan      | Noticed Nusy the pandemonium lord
 76588 | Pan      | Identified the staff of air "Xaihieq" {rElec rC+ Int-2
                  | Dex+4}
 76703 | Pan      | Noticed Tagos the pandemonium lord
 76706 | Pan      | Killed Tagos the pandemonium lord
 76779 | Pan      | Entered the realm of Mnoleg.
 76972 | Pan      | Gained mutation: You are dopey. (Int -2) [a cacodemon]
 77001 | Pan      | Gained mutation: You occasionally lose the ability to drink
                  | potions when taking damage. [a cacodemon]
 77008 | Pan      | Gained mutation: You do not regenerate when monsters are
                  | visible. [a cacodemon]
 77023 | Pan      | Lost mutation: You occasionally lose the ability to drink
                  | potions when taking damage. [potion of mutation]
 77023 | Pan      | Lost mutation: Your spells are a little harder to cast, but
                  | a little more powerful. [potion of mutation]
 77023 | Pan      | Lost mutation: You are dopey. (Int -2) [potion of mutation]
 77023 | Pan      | Lost mutation: You are frail. (-10% HP) [potion of
                  | mutation]
 77023 | Pan      | Gained mutation: Your flesh is heat resistant. (rF+)
                  | [potion of mutation]
 77027 | Pan      | Lost mutation: Your flesh is heat resistant. (rF+) [potion
                  | of mutation]
 77027 | Pan      | Lost mutation: You have hoof-like feet. [potion of
                  | mutation]
 77027 | Pan      | Gained mutation: You sometimes lose your temper in combat.
                  | [potion of mutation]
 77027 | Pan      | Gained mutation: You have hidden genetic defects. [potion
                  | of mutation]
 77037 | Pan      | Lost mutation: You sometimes lose your temper in combat.
                  | [potion of mutation]
 77037 | Pan      | Lost mutation: You do not regenerate when monsters are
                  | visible. [potion of mutation]
 77037 | Pan      | Gained mutation: You expend magic power (3 MP) to
                  | strengthen your wands. [potion of mutation]
 77037 | Pan      | Gained mutation: You have terrible hidden genetic defects.
                  | [potion of mutation]
 77037 | Pan      | Gained mutation: Your body sometimes deteriorates upon
                  | taking damage. [potion of mutation]
 77037 | Pan      | Gained mutation: You are robust. (+10% HP) [potion of
                  | mutation]
 77038 | Pan      | Lost mutation: Armour fits poorly on your strangely shaped
                  | body. [potion of mutation]
 77038 | Pan      | Lost mutation: You are robust. (+10% HP) [potion of
                  | mutation]
 77038 | Pan      | Lost mutation: Your body sometimes deteriorates upon taking
                  | damage. [potion of mutation]
 77038 | Pan      | Gained mutation: You are strong-willed. (Will+) [potion of
                  | mutation]
 77038 | Pan      | Gained mutation: You have a somewhat thin skeletal
                  | structure. (Dex +2, Stealth+) [potion of mutation]
 77039 | Pan      | Lost mutation: You expend magic power (3 MP) to strengthen
                  | your wands. [potion of mutation]
 77039 | Pan      | Lost mutation: You have large cloven feet. [potion of
                  | mutation]
 77039 | Pan      | Gained mutation: You are frail. (-10% HP) [potion of
                  | mutation]
 77039 | Pan      | Lost mutation: You have a somewhat thin skeletal structure.
                  | (Dex +2, Stealth+) [potion of mutation]
 77039 | Pan      | Gained mutation: You have a pair of small horns on your
                  | head. [potion of mutation]
 77040 | Pan      | Lost mutation: You have terrible hidden genetic defects.
                  | [potion of mutation]
 77040 | Pan      | Lost mutation: You are frail. (-10% HP) [potion of
                  | mutation]
 77040 | Pan      | Lost mutation: You have a pair of small horns on your head.
                  | [potion of mutation]
 77040 | Pan      | Lost mutation: You passively map a small area around you.
                  | [potion of mutation]
 77040 | Pan      | Gained mutation: You have terrible hidden genetic defects.
                  | [potion of mutation]
 77040 | Pan      | Gained mutation: Your spells are a little harder to cast,
                  | but a little more powerful. [potion of mutation]
 77041 | Pan      | Lost mutation: Your spells are a little harder to cast, but
                  | a little more powerful. [potion of mutation]
 77041 | Pan      | Lost mutation: You have terrible hidden genetic defects.
                  | [potion of mutation]
 77041 | Pan      | Lost mutation: You are strong-willed. (Will+) [potion of
                  | mutation]
 77041 | Pan      | Gained mutation: You do not regenerate when monsters are
                  | visible. [potion of mutation]
 77041 | Pan      | Gained mutation: You expend magic power (3 MP) to
                  | strengthen your wands. [potion of mutation]
 77041 | Pan      | Gained mutation: You are partially covered in iridescent
                  | scales. (AC +2) [potion of mutation]
 77041 | Pan      | Gained mutation: Your skin changes colour to match your
                  | surroundings (Stealth+). [potion of mutation]
 77042 | Pan      | Lost mutation: You expend magic power (3 MP) to strengthen
                  | your wands. [potion of mutation]
 77042 | Pan      | Lost mutation: You are partially covered in iridescent
                  | scales. (AC +2) [potion of mutation]
 77042 | Pan      | Gained mutation: Your flesh is cold resistant. (rC+)
                  | [potion of mutation]
 77043 | Pan      | Lost mutation: You have hidden genetic defects. [potion of
                  | mutation]
 77043 | Pan      | Lost mutation: You do not regenerate when monsters are
                  | visible. [potion of mutation]
 77043 | Pan      | Lost mutation: Your flesh is cold resistant. (rC+) [potion
                  | of mutation]
 77043 | Pan      | Gained mutation: You are strong-willed. (Will+) [potion of
                  | mutation]
 77043 | Pan      | Gained mutation: You are partially covered in iridescent
                  | scales. (AC +2) [potion of mutation]
 77043 | Pan      | Gained mutation: You have hidden genetic potential. [potion
                  | of mutation]
 77052 | Pan      | Gained mutation: You are clumsy. (Dex -2) [a neqoxec]
 77105 | Pan      | Found an exit through the horrors of the Abyss.
 77589 | Pan      | Noticed Mnoleg
 77596 | Pan      | Killed Mnoleg
 77601 | Pan      | Gained mutation: You are very clumsy. (Dex -4) [a neqoxec]
 77611 | Pan      | Got a glowing rune of Zot
 77680 | Pan      | Noticed Gotellew the pandemonium lord
 77688 | Pan      | Found an exit through the horrors of the Abyss.
 77692 | Pan      | Entered the realm of Lom Lobon.
 78118 | Pan      | Found an exit through the horrors of the Abyss.
 78762 | Pan      | Noticed Lom Lobon
 78770 | Pan      | Killed Lom Lobon
 78837 | Pan      | Got a magical rune of Zot
 79077 | Pan      | Noticed Mennas
 79100 | Pan      | Killed Mennas
 79162 | Pan      | Found an exit through the horrors of the Abyss.
 79335 | Pan      | Noticed Esuu the pandemonium lord
 79588 | Pan      | Killed Esuu the pandemonium lord
 79746 | Pan      | Entered the realm of Gloorx Vloq.
 79983 | Pan      | Found an exit through the horrors of the Abyss.
 80084 | Pan      | Noticed Gloorx Vloq
 80108 | Pan      | Acquired the +1 pair of boots of Precision Catastrophes
                  | {rN+}
 80187 | Pan      | Identified the +0 ring mail of the Harvest {rF+ Will++
                  | Str+3}
 80380 | Pan      | Killed Gloorx Vloq
 80381 | Pan      | Reached skill level 27 in Fighting
 80440 | Pan      | Got a dark rune of Zot
 80481 | Pan      | Gained mutation: You are highly strong-willed. (Will++)
                  | [hidden potential]
 80660 | Pan      | Found an exit through the horrors of the Abyss.
 80880 | Pan      | Noticed Leost the pandemonium lord
 80884 | Pan      | Killed Leost the pandemonium lord
 81005 | Pan      | Noticed Ciph the pandemonium lord
 81009 | Pan      | Killed Ciph the pandemonium lord
 81023 | Depths:2 | Escaped Pandemonium
 81085 | Dis:1    | Entered Level 1 of the Iron City of Dis
 81643 | Dis:3    | You are sucked into a shaft and drop 2 floors!
 81643 | Dis:5    | Noticed a dread lich
 81643 | Dis:5    | Noticed a dread lich
 81643 | Dis:5    | Noticed an ancient lich
 81644 | Dis:5    | Killed a dread lich
 81644 | Dis:5    | Killed a dread lich
 81645 | Dis:5    | Killed an ancient lich
 81797 | Dis:6    | Reached skill level 27 in Spellcasting
 81863 | Dis:7    | Entered Level 7 of the Iron City of Dis
 81874 | Dis:7    | Gained mutation: Your spells are a little harder to cast,
                  | but a little more powerful. [hidden potential]
 81874 | Dis:7    | Lost mutation: You have hidden genetic potential. [hidden
                  | potential expressed]
 82093 | Dis:7    | Noticed a juggernaut
 82097 | Dis:7    | Killed a juggernaut
 82219 | Dis:7    | Noticed a dread lich
 82222 | Dis:7    | Killed a dread lich
 82911 | Dis:7    | Reached skill level 27 in Earth Magic
 82911 | Dis:7    | Identified the amulet "Ofikkoci" {Acrobat -Cast Harm
                  | Rampage}
 82911 | Dis:7    | Noticed Dispater
 82915 | Dis:7    | Killed Dispater
 83045 | Dis:7    | Got an iron rune of Zot
 83046 | Dis:7    | Identified the staff of air "Huetix" {Fly rElec}
 83069 | Dis:7    | Noticed a juggernaut
 83073 | Dis:7    | Killed a juggernaut
 83125 | Coc:1    | Entered Level 1 of Cocytus
 83133 | Coc:1    | Reached skill level 27 in Shields
 83168 | Coc:3    | Reached skill level 15 in Conjurations
 83695 | Coc:7    | Entered Level 7 of Cocytus
 83750 | Coc:7    | Noticed Antaeus
 83777 | Coc:7    | Killed Antaeus
 83984 | Coc:7    | Found the +10 zealot's sword {holy, Zealotry, *Rage rN+
                  | EV+3}
 83992 | Coc:7    | Got an icy rune of Zot
 84073 | Tar:1    | Entered Level 1 of Tartarus
 84147 | Tar:1    | You are sucked into a shaft and drop 1 floor!
 84429 | Tar:3    | Noticed a dread lich
 84434 | Tar:4    | Killed a dread lich
 84510 | Tar:5    | Reached skill level 5 in Dodging
 84705 | Tar:7    | Entered Level 7 of Tartarus
 84792 | Tar:7    | Reached skill level 10 in Evocations
 85107 | Tar:7    | Reached skill level 10 in Dodging
 85419 | Tar:7    | Found the +9 scales of the Dragon King {rPois rF+ rC+
                  | Will+}
 85469 | Tar:7    | Noticed Ereshkigal
 85478 | Tar:7    | Killed Ereshkigal
 85710 | Tar:7    | Identified the +1 hat of the Orb {rC+ Str+3}
 86194 | Tar:7    | Identified the +5 war axe of Superiority {heavy, rN+ Str-2
                  | Dex+3}
 86196 | Tar:7    | Got a bone rune of Zot
 86417 | Geh:1    | Entered Level 1 of Gehenna
 86418 | Geh:1    | Noticed a dread lich
 86421 | Geh:1    | Paralysed by a dread lich for 5 turns
 86426 | Geh:1    | Killed a dread lich
 87252 | Geh:7    | Entered Level 7 of Gehenna
 87296 | Geh:7    | Reached skill level 15 in Evocations
 87363 | Geh:7    | Noticed the Serpent of Hell
 87367 | Geh:7    | Killed the Serpent of Hell
 88335 | Geh:7    | Found the +13 sceptre of Asmodeus
 88335 | Geh:7    | Noticed Asmodeus
 88344 | Geh:7    | Killed Asmodeus
 88423 | Geh:7    | Got an obsidian rune of Zot
 88707 | Zot:5    | Got the Orb of Zot
 88743 | Zot:5    | Noticed Iroy the pandemonium lord
 88747 | Zot:5    | Killed Iroy the pandemonium lord
 88968 | D:15     | Noticed Boris
 89255 | D:$      | Escaped with the Orb!

Illustrated notes

Levels and vault maps discovered:
D:1:      elethiomel_arrival_shortcut, layout_basic, minmay_misc_feat_columns,
          minmay_pentomino_u4
D:2:      layout_loops_ring
D:3:      layout_basic, minmay_door_square
D:4:      layout_cave_pools, gammafunk_temple_overflow_forgotten,
          portal_sewer_entry_a
D:5:      layout_cave_pools, grunt_gozag_breadcrumbs, minmay_temple_entry_trees,
          uniq_sigmund
D:6:      layout_loops_ring, nicolae_yredelemnul_corpse_copse
D:7:      layout_rooms, kennysheep_mini, lightli_bailey_entry_fortress
D:8:      layout_loops_cross, dpeg_lair_monsters
D:9:      minmay_the_grid_triangle_9x9_rhombus_full
          [minmay_the_grid_triangle_9x9_corrupted_corridor,
          minmay_the_grid_triangle_9x9_semitri,
          minmay_the_grid_triangle_9x9_shrine,
          minmay_the_grid_triangle_9x9_cache,
          minmay_the_grid_triangle_9x9_tough_junction,
          minmay_the_grid_triangle_9x9_alien,
          minmay_the_grid_triangle_9x9_sparse_checkered,
          minmay_the_grid_triangle_9x9_prize_top_heavy], layout_basic,
          tso_oasis_becter, serial_shops, nicolae_diamond_shop, minivault_10,
          uniq_maggie, uniq_prince_ribbit1, uniq_grum
D:10:     layout_basic, uniq_lodul
D:11:     layout_loops_corners, serial_shops, shop,
          nicolae_elevator_lobby_asterisk, uniq_snorg
D:12:     layout_roguey, orc_0_dummy, uniq_azrael
D:13:     layout_irregular_city, ebering_ghost_reflecting_pool,
          grunt_decor_fettered, lemuel_zombie_altar_kikubaaqudgha
D:14:     layout_rooms, david_vaults_2, minmay_splitting_lines, uniq_frances
D:15:     grunt_enter_depths_snipers, layout_rooms,
          nicolae_elyvilon_peaceful_grove, hangedman_feature_mirror, uniq_kirke
Temple:   nicolae_temple_superstar
Lair:1:   layout_cave_pods, grunt_megastairs_5, uniq_joseph, uniq_harold
Lair:2:   layout_hall_layers, minmay_snake_entry_guardpost_small, special_room
          [special_room_bee], pdpol_lair_cavern_descent, uniq_sonja
Lair:3:   cheibrodos_magma_flow, layout_chaotic_city, palyth_hydra_swamp_entry,
          enter_volcano_2
Lair:4:   layout_cave_shapes, beast_lair_carwin_8
Lair:5:   evilmike_catoblepas_cave, layout_concentric_octagons, slime_entry_1,
          infiniplex_staircase_pool, grunt_megastairs_4
Swamp:1:  layout_falls_marsh, nicolae_swamp_triple_paths
Swamp:2:  layout_basic_swamp, evilmike_swamp_ruin_house_5, swamp_pool4
Swamp:3:  nzn_winding_woodlands_cross [nzn_winding_woodlands_5x15_pockets,
          nzn_winding_woodlands_5x15_pathside_ponds,
          nzn_winding_woodlands_5x15_sawtooth, nzn_winding_woodlands_5x15_pool,
          nzn_winding_woodlands_15x15_witchcraft], layout_falls_marsh,
          evilmike_swamp_ruin_rubble_1
Swamp:4:  byrel_swamp_growth_death_and_undeath, layout_basic_swamp, swamp_pool3,
          nicolae_swamp_well_well_well
Snake:1:  nrook_guardian_serpent_snake_passage, layout_rooms, serial_shops,
          bzr_entry_islet
Snake:2:  layout_gridlike
Snake:3:  layout_rooms, gammafunk_ghost_wrathful_warriors,
          nicolae_snake_snakes_in_the_grass, serial_bayou_shore_b
Snake:4:  grunt_snake_rune_spirals, layout_onion, basic_altar, serial_shops,
          nicolae_shop_waterfront
Slime:1:  layout_caves, cheibrodos_slime_lost_civilization_4
Slime:2:  nicolae_slime_infinislime, layout_caves
Slime:3:  layout_caves, nicolae_slime_round_cave
Slime:4:  layout_caves
Slime:5
Orc:1:    layout_caves, dreamdust_deal_with_the_devil
Orc:2:    st_orc_open, layout_diamond_mine, serial_shops,
          nicolae_shop_competitors_out_of_business, shop, shop,
          nicolae_shop_tiny_glass, nicolae_shop_back_alley_shop,
          gammafunk_ghost_cemetery, minmay_orc_treasury
Elf:1:    eino_elf_arrival_shootout, layout_loops_corners, minmay_elf_sorcery
Elf:2:    elven_hall_of_blades_hangedman_alternative [nicolae_blade_tridents],
          layout_geoelf_diagonals, serial_shops, nicolae_shop_mannequins,
          corexii_leaking_fountain
Elf:3:    elf_hall_gauntlet_narrow, layout_geoelf_grid, minivault_4
Vaults:1: v_alt_pattern_3, nicolae_vaults_ring_of_whatevers, v_misc_5,
          nicolae_vaults_asterisk, nicolae_vaults_trapezoid_1,
          nicolae_vaults_ring_of_whatevers, v_misc_8, nicolae_vaults_turnstiles,
          nicolae_vaults_storage_closets_2, nicolae_vaults_tetromino_L_2,
          nicolae_vaults_stepped_doors, layout_vaults_big_cross
Vaults:2: v_misc_30, ontoclasm_vaults_ring_square,
          minmay_crypt_entry_skeletal_spiral, vaults_dpeg_cross,
          nicolae_vaults_loss_of_containment, nicolae_vaults_storage_closets_1,
          v_misc_8, vaults_mumra_hex, nicolae_vaults_tangram_1,
          ontoclasm_vaults_shuriken, layout_vaults_big_room, serial_shops, shop
Vaults:3: v_misc_19, v_misc_30, nicolae_vaults_surprise_closet,
          vaults_room_stairs_pillars, nicolae_vaults_three_branches,
          layout_vaults_quadrants, uniq_margery
Vaults:4: ontoclasm_vaults_bender, v_misc_26, nicolae_vaults_network_quincunx
          [nicolae_vaults_network_quincunx_subvault,
          nicolae_vaults_network_quincunx_subvault,
          nicolae_vaults_network_quincunx_subvault,
          nicolae_vaults_network_quincunx_subvault,
          nicolae_vaults_network_quincunx_subvault], nicolae_vaults_little_ls,
          nicolae_vaults_shipping_containers_1, nicolae_vaults_house_1,
          nicolae_vaults_arrows, nicolae_vaults_trapezoid_lopsided_3,
          hangedman_vaults_hat, grunt_vaults_twisty, nicolae_vaults_six-pack,
          layout_vaults_maze_bifur, serial_shops, shop_coins
Vaults:5: uniq_xtahua
Crypt:1:  layout_basic
Crypt:2:  layout_misc_corridors, pandoras_box_mu
Crypt:3:  evilmike_haunted_forest, uniq_vv
Tomb:1
Tomb:2
Tomb:3
Depths:1: layout_cave_shapes, lightli_too_deep, lightli_church_of_beogh,
          minmay_shoptagon
Depths:2: abrahamwl_protected_by_tso_1, layout_cave_shapes, serial_shops,
          freezing_bzr, shop, nicolae_shop_rolled_up, pan_entry, hell_entry,
          solitary_fountain, serial_bayou_shore_a, uniq_saint_roka
Depths:3: gammafunk_dig_for_victory, layout_cross, grunt_hell_entry_dis_mu,
          serial_shops, nicolae_shop_gaudy_bauble, shop, shop,
          kennysheep_mini_moat, nicolae_shop_behind_doors,
          chequers_serial_rivers_room_a, nicolae_abyss_entry_one_way_or_another,
          kennysheep_two_boxes, infiniplex_staircase_spiral_double, uniq_boris
Depths:4: evilmike_zot_entry_round, layout_gridlike, enter_ziggurat_c,
          serial_co_window_serial, co_window_of_opportunity_a,
          co_window_of_opportunity_a, co_window_paths_a,
          co_window_of_opportunity_a, co_window_corner_a, co_window_broadway_b,
          co_window_2corner, co_window_corner_b, co_window_paths_c,
          co_window_2corner, co_window_broadway_a, hell_entry,
          chequers_serial_rivers_room_b
Hell
Dis:1:    layout_subdivisions, nicolae_dis_emergency_hatch
Dis:2:    nicolae_dis_heavy_handed_symbolism
Dis:3:    layout_regular_city
Dis:5:    layout_gridville, nicolae_dis_liches_on_tour
Dis:6:    layout_jigsaw, nicolae_hells_hurtin_island
Dis:7:    dis_st
Geh:1:    layout_gehenna_lava_caves
Geh:2:    layout_gehenna_pools_triple
Geh:3:    layout_gehenna_lava_caves, evilmike_ambush
          [evilmike_ambush_outer_corners, evilmike_ambush_inner_basic]
Geh:4:    layout_gehenna_pools_box
Geh:5:    layout_gehenna_pools_box
Geh:6:    layout_gehenna_lava_caves
Geh:7:    geh_hangedman
Coc:1:    layout_cocytus_delve
Coc:2:    layout_cocytus_water_paths, serial_ice
Coc:3:    layout_cocytus_delve
Coc:4:    layout_cocytus_water_paths
Coc:5:    layout_ice_bergs
Coc:6:    layout_cocytus_delve
Coc:7:    coc_mu
Tar:1:    layout_catacombs
Tar:2:    layout_honeycomb, nicolae_hells_seeping_fissure
Tar:3:    layout_grid_maze
Tar:4:    layout_honeycomb, nicolae_tar_spectre_spectrum
Tar:5:    layout_grid_maze, lemuel_nasty_fountain
Tar:6:    layout_grid_maze, nicolae_tar_combbox
Tar:7:    tar_minmay_river
Zot:1:    layout_misc_corridors, grunt_megastairs_1
Zot:2:    layout_misc_corridors, uniq_parghit
Zot:3:    layout_concentric_octagons, basic_altar
Zot:4:    layout_onion_interference, uniq_tiamat
Zot:5:    layout_gridlike

Skill      XL: |  1  2  3  4  5  6  7  8  9 10 11 12 13 14 15 16 17 18 19 20 21 22 23 24 25 26 27 |
---------------+----------------------------------------------------------------------------------+-----
Spellcasting   | 3 4 5 6 8 10 11 12 13 15 16 17 18 20 21 22 27 | 27.0
Earth Magic    | 4 5 6 7 8 9 12 14 16 19 21 24 25 27 | 27.0
Conjurations   | 3 4 8 9 10 12 21 | 21.7
Fighting       | 1 9 12 13 14 15 17 19 20 21 27 | 27.0
Shields        | 4 6 8 11 15 27 | 27.0
Armour         | 6 8 |  8.0
Evocations     | 4 6 16 | 16.8
Poison Magic   | 4 5 |  5.7
Ice Magic      | 4 14 19 24 | 24.0
Fire Magic     | 24 | 24.0
Dodging        | 14 | 14.7
Stealth        | |  2.1
Transmutations | |  0.7

Action                     |  1- 3 |  4- 6 |  7- 9 | 10-12 | 13-15 | 16-18 | 19-21 | 22-24 | 25-27 || total
---------------------------+-------+-------+-------+-------+-------+-------+-------+-------+-------++-------
  Melee: Unarmed           |     5 |       |       |       |       |       |       |       |       ||     5
         Dagger            |     2 |    17 |   111 |   172 |       |       |       |       |       ||   302
         Punch             |       |       |       |     5 |       |       |       |       |       ||     5
         Staff             |       |       |       |     2 |     6 |     3 |     6 |    10 |   118 ||   145
  Throw: Dart              |       |       |       |    12 |    23 |     1 |       |       |       ||    36
         Throwing net      |       |       |       |       |       |       |     1 |       |     2 ||     3
   Cast: Sandblast         |    39 |    98 |   204 |   237 |   590 |    36 |     1 |       |     1 ||  1206
         Stone Arrow       |       |       |    19 |    99 |   343 |   583 |   117 |     8 |     4 ||  1173
         Olgreb's Toxic Ra |       |       |       |       |    13 |     1 |       |       |     4 ||    18
         Lee's Rapid Decon |       |       |       |       |    17 |   121 |       |       |    10 ||   148
         Leda's Unmaking   |       |       |       |       |    16 |    25 |    24 |     6 |     7 ||    78
         Shatter           |       |       |       |       |       |    67 |   219 |   329 |  1096 ||  1711
         Lehudib's Crystal |       |       |       |       |       |       |     3 |     5 |   691 ||   699
         Ozocubu's Refrige |       |       |       |       |       |       |       |       |   480 ||   480
         Ignition          |       |       |       |       |       |       |       |       |    80 ||    80
         Polar Vortex      |       |       |       |       |       |       |       |       |    15 ||    15
  Evoke: Wand              |       |       |     2 |     1 |     9 |     3 |       |       |     4 ||    19
         Phantom mirror    |       |       |       |     1 |     2 |     1 |       |       |     6 ||    10
         Box of beasts     |       |       |       |       |     2 |       |     1 |       |       ||     3
    Use: Scroll            |     2 |     3 |     5 |       |     6 |    14 |     2 |     1 |    21 ||    54
         Potion            |       |       |       |       |       |     2 |     2 |     1 |    32 ||    37
   Stab: Paralysed         |       |       |     3 |       |       |       |       |       |       ||     3
         Sleeping          |       |       |       |     1 |       |       |       |       |       ||     1
 Armour: Robe              |    13 |    21 |   181 |    43 |    16 |   309 |   171 |    28 |   245 ||  1027
         Troll leather arm |       |       |       |   242 |    39 |       |       |       |       ||   281
         Leather armour    |       |       |       |       |   655 |       |       |       |       ||   655
         Skin              |       |       |       |       |       |       |       |       |    18 ||    18
  Dodge: Dodged            |    19 |    40 |   152 |   286 |   527 |   169 |   124 |    11 |   161 ||  1489
  Block: Buckler           |       |       |       |    73 |   252 |    92 |    48 |     4 |       ||   469
         Kite shield       |       |       |       |       |       |       |       |    36 |    96 ||   132
         Reflection        |       |       |       |       |       |       |       |    18 |     2 ||    20
         Tower shield      |       |       |       |       |       |       |       |       |   495 ||   495

Table legend: (Time is in decaauts)
 A = Elapsed time spent in this place.
 B = Non-inter-level travel time spent in this place.
 C = Inter-level travel time spent in this place.
 D = Time resting spent in this place.
 E = Time spent auto-exploring this place.
 F = Levels seen in this place.
 G = Mean time per level.
                   A        B        C        D        E       F      G
               +--------+--------+--------+--------+--------+-----+--------+
         Total |  90502 |  83546 |   6956 |   9052 |  55273 | 119 |  760.5 |
       Dungeon |  16254 |  14675 |   1579 |    524 |  11380 |  15 | 1083.6 |
        Temple |    165 |    117 |     48 |      0 |    100 |   1 |  165.0 |
          Lair |   9484 |   8293 |   1191 |   1413 |   4517 |   5 | 1896.8 |
         Swamp |   3945 |   3786 |    159 |    168 |   2928 |   4 |  986.2 |
     Snake Pit |   6207 |   5931 |    276 |    740 |   3882 |   4 | 1551.8 |
    Slime Pits |   3721 |   3436 |    285 |   1971 |    752 |   5 |  744.2 |
  Orcish Mines |   3171 |   2946 |    225 |    689 |   1548 |   2 | 1585.5 |
   Elven Halls |   6238 |   6109 |    129 |   1929 |   3303 |   3 | 2079.3 |
        Vaults |   6600 |   5919 |    681 |    328 |   4720 |   5 | 1320.0 |
         Crypt |   3662 |   3395 |    267 |    149 |   2670 |   3 | 1220.7 |
          Tomb |   2298 |   1946 |    352 |    272 |   1044 |   3 |  766.0 |
        Depths |   4816 |   3901 |    915 |     70 |   3064 |   4 | 1204.0 |
          Hell |    631 |    484 |    147 |      0 |    379 |   1 |  631.0 |
           Dis |   2014 |   1922 |     92 |     28 |   1285 |   6 |  335.7 |
       Gehenna |   2072 |   2007 |     65 |      0 |   1518 |   7 |  296.0 |
       Cocytus |    913 |    833 |     80 |     38 |    492 |   7 |  130.4 |
      Tartarus |   2314 |   2239 |     75 |      4 |   1679 |   7 |  330.6 |
           Zot |   2738 |   2352 |    386 |    330 |   1383 |   5 |  547.6 |
         Abyss |   1040 |   1040 |      0 |      0 |    588 |   6 |  173.3 |
   Pandemonium |   9699 |   9699 |      0 |    354 |   6113 |  21 |  461.9 |
        Bazaar |    534 |    534 |      0 |      0 |    481 |   2 |  267.0 |
         Sewer |    796 |    796 |      0 |      0 |    654 |   1 |  796.0 |
        Bailey |    543 |    543 |      0 |      0 |    384 |   1 |  543.0 |
       Volcano |    638 |    638 |      0 |     45 |    405 |   1 |  638.0 |
               +--------+--------+--------+--------+--------+-----+--------+

Top non-repeatable levels by time:
  Lair:3: 2754 daAuts
   Elf:1: 2612 daAuts
 Snake:4: 2469 daAuts
   Elf:2: 2227 daAuts
  Lair:5: 2136 daAuts
     D:9: 1994 daAuts
    D:12: 1971 daAuts
   Orc:2: 1850 daAuts
 Crypt:3: 1840 daAuts
 Slime:4: 1800 daAuts
   Tar:7: 1683 daAuts
Depths:4: 1678 daAuts
  Lair:4: 1634 daAuts
  Lair:2: 1614 daAuts
Vaults:1: 1447 daAuts
